 Dungeon Crawl Stone Soup version 0.17-a0-1748-g222fba8 (webtiles) character file.

90 kae the Insei (level 4, -1/35 HPs)
             Began as a Draconian Transmuter on Sept 1, 2015.
             Slain by Crazy Yiuf
             ... wielding a +4 quarterstaff of chaos
              (20 damage)
             ... on level 2 of the Dungeon.
             The game lasted 00:03:12 (1459 turns).

kae the Insei (Draconian Transmuter)                Turns: 1459, Time: 00:03:12

Health: -1/35      AC:  5    Str: 14    XL:     4   Next: 32%
Magic:  6/7        EV: 12    Int: 13    God:
Gold:   163        SH:  0    Dex: 13    Spells: 1 memorised, 6 levels left

rFire  . . .     SeeInvis .       - Unarmed
rCold  . . .     Clarity  .     (armour unavailable)
rNeg   . . .     SustAt   .     (no shield)
rPois  .         Gourm    .     (helmet restricted)
rElec  .         Spirit   .     (no cloak)
rCorr  .         Warding  .     (no gloves)
rMut   .         Stasis   .     (boots currently unavailable)
MR     .....                    (no amulet)
Stlth  +.........               (no ring)
                                q - +2 ring of strength

@: appendage, not resistant to hostile enchantments, very unstealthy
A: unfitting armour, talons 3, cold-blooded, AC +5
a: End Transformation


You were on level 2 of the Dungeon.
You were not hungry.
You had grown temporary talons.
You visited 1 branch of the dungeon, and saw 2 of its levels.

You collected 163 gold pieces.

Inventory:

Missiles
 a - 72 arrows
Jewellery
 q - a +2 ring of strength (left hand)
Scrolls
 d - a scroll of amnesia
 k - a scroll of random uselessness
Potions
 e - 3 potions of curing
 f - a potion of lignification {unknown}
 i - 3 potions of flight {unknown}
 m - 2 potions of poison {unknown}
Books
 b - a book of Changes

   Spells                             Type                      Level
   a - Beastly Appendage              Transmutation                1
   b - Sticks to Snakes               Transmutation                2
   c - Spider Form                    Transmutation/Poison         3
   d - Ice Form                       Ice/Transmutation            4
   e - Blade Hands                    Transmutation                5
Comestibles
 c - a bread ration


   Skills:
 - Level 1.1 Fighting
 - Level 1.7 Dodging
 + Level 5.2 Unarmed Combat
 - Level 2.0 Spellcasting
 - Level 2.0 Transmutations


You had 6 spell levels left.
You knew the following spells:

 Your Spells              Type           Power        Failure   Level  Hunger
a - Beastly Appendage     Trmt           #.....       12%         1    ##.....


Dungeon Overview and Level Annotations

Branches:
Dungeon (2/15)

Altars:
Xom

Annotations:
D:2 Crazy Yiuf


Innate Abilities, Weirdness & Mutations

Your plain brown scales are hard (AC +5).
Your body does not fit into most forms of armour.
You are cold-blooded and may be slowed by cold attacks.
You have claws for feet.


Message History

You punch the fungus! You tail-slap the fungus.
The fungus is almost destroyed.
You completely miss the fungus.
The fungus is almost destroyed.
You hit the fungus.
You destroy the fungus!
Found a hammer.
Crazy Yiuf the Enlightened comes into view.
He is wielding a quarterstaff of chaos.
Crazy Yiuf shouts!
Casting: Beastly Appendage
Confirm with . or Enter, or press ? or * to list all spells.
Your feet morph into talons.
Unknown command.
Unknown command.
You barely miss Crazy Yiuf.
Your tail-slap misses Crazy Yiuf.
Crazy Yiuf cries, "Race down horse!"
Crazy Yiuf hits you with a quarterstaff of chaos!
You are electrocuted!
Ouch! That really hurt!
You die...

........##..........###..........
........##..........# #......#'##
........##..###....## #........##
........##..# #....# #.....#..##
........)...# ♣P.PP♣ #.....#.>..
........†...# ♣.♣P♣♣ #.........#
...........(# ♣♣.♣♣ #.........#
............# ♣.♣♣ #.........#
#######.....# ♣♣@♣ #.........#
####### ♣g♣ #.........# ♣♣.
#†..<...... .# #.........# ..
#.........# ..# #.........# .)#
#.........# ### #.....#####
#####.# #


You could see Crazy Yiuf.

Vanquished Creatures
  3 adders (D:2)
  2 oozes (D:1)
  A worm (D:2)
  3 giant geckos (D:1)
  4 bats
  3 giant cockroaches (D:1)
  8 goblins
  8 hobgoblins
  2 jackals (D:2)
  2 ball pythons
  3 giant newts
  6 kobolds
  6 rats
  A fungus (D:2)
52 creatures vanquished.

Notes
Turn   | Place    | Note
--------------------------------------------------------------
     0 | D:1      | kae the Draconian Transmuter began the quest for the Orb.
     0 | D:1      | Reached XP level 1. HP: 16/16 MP: 3/3
   134 | D:1      | Reached XP level 2. HP: 23/23 MP: 5/5
   351 | D:1      | Reached skill level 4 in Unarmed Combat
   594 | D:1      | Reached XP level 3. HP: 28/28 MP: 6/6
  1079 | D:2      | Reached skill level 5 in Unarmed Combat
  1079 | D:2      | Reached XP level 4. HP: 35/35 MP: 5/7
  1134 | D:2      | Found a shimmering altar of Xom.
  1454 | D:2      | Noticed Crazy Yiuf
  1459 | D:2      | Slain by Crazy Yiuf

Vault maps used:
D:1:      minmay_arrival_semitransparent
D:2:      xom_teletrap_fun, uniq_crazy_yiuf_cottage

Action                   |  1- 3 |  4- 6 || total
-------------------------+-------+-------++-------
Melee: Unarmed           |   102 |    48 ||   150
 Cast: Beastly Appendage |    11 |     2 ||    13
  Use: Scroll            |       |     8 ||     8
 Stab: Sleeping          |     1 |       ||     1
  Eat: Chunk             |     1 |     1 ||     2
